Map: Echo LE (Void)

Players

Pillow

  • Race: Zerg Zerg
  • League: Master
  • Spawn Location: 11:00

A.I. 1 (Very Easy) - Winner!

  • Race: Terran Terran
  • Spawn Location: 5:00

VOD

Have the link to the VOD?

Description

Time

  • Played on: Jan. 16, 2017, 2:04 p.m.
  • Length: 9:41
Show
View Real Time Build Order
Export as new Build Order

Pillow Zerg 

Build Orders: Hatch First, Muta Ling Bane 

Get SALT Encoding   

  12  0:01  Drone  
  13  0:12  Overlord  
  13  0:17  Drone  
  14  0:30  Drone x2  
  14  0:35  Drone  
  17  0:52  Hatchery  
  17  0:54  Drone  
  17  0:57  Drone  
  18  1:08  Extractor  
  17  1:12  Spawning Pool  
  17  1:14  Drone  
  17  1:17  Drone  
  18  1:28  Drone  
  19  1:38  Overlord  
  19  1:49  Drone  
  20  1:58  Queen  
  20  2:00  Zergling x2  
  23  2:03  Queen  
  23  2:04  Zergling x2  
  23  2:07  Metabolic Boost  
  26  2:11  Drone  
  27  2:17  Drone  
  27  2:21  Drone  
  29  2:25  Drone  
  30  2:30  Evolution Chamber  
  30  2:33  Drone  
  30  2:36  Drone  
  31  2:42  Overlord  
  31  2:46  Drone  
  32  2:54  Drone  
  32  2:55  Zerg Melee Weapons Level 1  
  33  3:01  Drone  
  33  3:05  Drone  
  35  3:06  Queen x2  
  35  3:09  Overlord  
  39  3:13  Drone x2  
  39  3:19  Drone  
  42  3:22  Zergling x4  
  44  3:34  Drone x4  
  48  3:41  Hatchery  
  48  3:45  Drone  
  48  3:46  Drone x2  
  50  3:52  Overlord  
  50  3:54  Drone x2  
  52  3:57  Evolution Chamber  
  51  4:04  Drone  
  51  4:09  Queen x2  
  52  4:10  Drone  
  52  4:15  Drone  
  52  4:16  Drone x2  
  59  4:19  Drone  
  59  4:25  Overlord  
  59  4:30  Drone x2  
  59  4:37  Zerg Ground Armor Level 1  
  59  4:39  Overlord  
  59  4:42  Overlord  
  59  4:45  Queen  
  59  4:52  Drone x4  
  67  4:55  Drone x2  
  67  4:57  Lair  
  67  4:58  Drone x2, Queen  
  67  4:59  Drone  
  72  5:01  Drone  
  72  5:02  Drone  
  72  5:05  Extractor  
  73  5:09  Drone x4  
  77  5:18  Zergling x6  
  80  5:27  Queen  
  80  5:28  Extractor  
  81  5:33  Queen  
  81  5:35  Zergling x12  
  89  5:37  Overlord x3  
  89  5:49  Extractor  
  88  5:50  Extractor  
  88  5:51  Extractor  
  88  5:54  Zerg Melee Weapons Level 2  
  88  5:56  Baneling Nest  
  85  5:57  Drone  
  85  5:58  Drone x8  
  94  6:05  Queen  
  94  6:06  Queen  
  94  6:09  Overlord x2, Queen  
  100  6:20  Hatchery  
  99  6:31  Zerg Ground Armor Level 2  
  99  6:34  Drone x2, Spire  
  99  6:35  Drone  
  101  6:41  Centrifical Hooks  
  101  6:42  Zergling x14  
  101  6:43  Zergling x6  
  101  6:45  Overlord  
  111  7:07  Drone x3  
  114  7:11  Overlord x3  
  114  7:12  Zergling x18  
  114  7:14  Zergling x2  
  124  7:15  Baneling  
  124  7:16  Baneling x2  
  124  7:21  Overlord x2  
  124  7:25  Hatchery  
  123  7:41  Zergling x26  
  136  7:50  Mutalisk x5  
  146  7:54  Baneling x5  
  146  7:55  Baneling x5  
  146  7:57  Mutalisk  
  148  8:25  Zergling x2  
  148  8:26  Zergling x36  
  167  8:42  Zergling x20  
  167  8:43  Infestation Pit  
  176  9:08  Overlord x4  
  176  9:09  Overseer x3  
  176  9:10  Mutalisk x2  
  176  9:12  Overlord x3  
Show
View Real Time Build Order
Export as new Build Order

A.I. 1 (Very Easy) Terran - Winner!

Build Orders:  

Get SALT Encoding   

  12  0:00  SCV  
  13  0:13  SCV  
  14  0:18  Supply Depot  
  14  0:37  Refinery  
  14  0:42  Barracks  
  14  1:04  Supply Depot  
  14  1:13  Refinery  
  14  1:29  SCV  
  14  1:30  Marine  
  16  1:41  SCV  
  17  1:53  SCV  
  18  2:05  SCV, Marine  
  20  2:18  SCV  
  21  2:30  SCV  
  22  2:40  Marine  
  22  2:42  Orbital Command  
  23  4:11  Marine  
  23  4:16  SCV  
  24  4:17  Supply Depot  
  21  4:28  SCV  
  21  4:40  SCV, Marine  
  24  4:52  SCV  
  24  5:05  SCV  
  25  5:57  SCV  
  25  5:58  Barracks Tech Lab  
  25  6:02  Factory  
  26  6:06  Supply Depot  
  26  6:07  Command Center  
  26  6:10  SCV  
  27  6:19  Marauder  
  27  6:22  SCV  
  30  6:34  SCV  
  26  6:46  SCV  
  27  6:47  Starport  
  27  6:52  Marine  
  28  7:20  SCV  
  28  7:22  Refinery  
  29  7:25  Marine  
  29  7:27  SCV  
  31  7:33  Starport Tech Lab, Refinery  
  31  7:34  SCV  
  32  7:41  SCV  
  33  7:48  SCV  
  34  7:51  Raven  
  34  7:56  SCV  
  34  7:58  Marine  
  38  8:03  SCV  
  39  8:10  SCV  
  40  8:17  SCV  
  41  8:25  SCV  
  42  8:31  Marine  
  42  8:32  SCV  
  44  8:34  Raven  
  44  8:39  SCV  
  47  8:46  SCV  
  48  8:53  SCV  
  49  9:00  SCV  
Tags
 
Composition
Muta Ling Bane
League
Master
Matchup
TvZ
Spawn Locations
Cross Positions
Add a new tag
Caveats
  • Supply blocks, unpowered buildings, or Contaminate may cause inaccurate times.
  • Supply counts are checked every 10 seconds.